 Dungeon Crawl Stone Soup version 0.24.0-13-gcf9b319 (webtiles) character file.

Game seed: 1859592425109872717, levelgen mode: deterministic

2355 Bronimir the Digger (level 9, -5/62 HPs)
             Began as a Formicid Earth Elementalist on Apr 22, 2020.
             Was a Priest of Okawaru.
             Slain by an orc warrior
             ... wielding a +0 trident
              (13 damage)
             ... on level 6 of the Dungeon on Apr 23, 2020.
             The game lasted 00:21:41 (9391 turns).

Bronimir the Digger (Formicid Earth Elementalist)   Turns: 9391, Time: 00:21:41

Health: -5/62      AC:  9    Str: 15 (16) XL:     9   Next: 71%
Magic:  2/18       EV: 14    Int: 19 (22) God:    Okawaru [***...]
Gold:   233        SH:  0    Dex: 10 (11) Spells: 5/20 levels left

rFire    . . .     SeeInvis +   a - +0 battleaxe
rCold    . . .     Gourm    .   (no shield)
rNeg     . . .     Faith    .   b - +1 ring mail {rPois}
rPois    +         Spirit   .   (helmet unavailable)
rElec    .         Reflect  .   t - +0 cloak
rCorr    .         Harm     .   (no gloves)
MR       .....                  (no boots)
Stlth    +++.......             (no amulet)
HPRegen  0.20/turn              y - +2 ring of intelligence
MPRegen  0.16/turn              (no ring)

@: brilliant, heroism, studying Throwing
A: permanent stasis, dig shafts and tunnels, four strong arms, antennae 3
a: Dig, Shaft Self, Heroism, Renounce Religion


You were on level 6 of the Dungeon.
You worshipped Okawaru.
Okawaru was most pleased with you.
You were near starving.

You visited 1 branch of the dungeon, and saw 7 of its levels.
You also visited: Sewer.

You collected 233 gold pieces.

Inventory:

Hand Weapons
 a - a +0 battleaxe (weapon)
 p - a +1 whip of flaming
 v - a +3 dire flail of holy wrath
 A - a +0 glaive
 E - a +0 quarterstaff
 G - a +0 scythe
Missiles
 c - 6 boomerangs
 e - 58 sling bullets
 l - 115 arrows
 o - 38 stones (quivered)
 D - 18 bolts
Armour
 b - a +1 ring mail of poison resistance (worn)
 i - a +0 shield
 t - a +0 cloak (worn)
Magical Staves
 r - an uncursed staff of fire
Jewellery
 y - a +2 ring of intelligence (left hand)
Scrolls
 f - 3 scrolls of remove curse
 g - 3 scrolls of teleportation
 h - 2 scrolls of magic mapping {unknown}
 k - 7 scrolls of identify {unknown}
 m - 2 scrolls of fear {unknown}
 n - a scroll of amnesia {unknown}
 q - a scroll of enchant armour {unknown}
 x - 3 scrolls of blinking {unknown}
 B - 2 scrolls of fog {unknown}
 C - a scroll of enchant weapon {unknown}
Potions
 j - a potion of brilliance
 z - a potion of magic
Books
 u - a manual of Throwing
Comestibles
 d - 6 rations


   Skills:
 + Level 2.9(7.9) Fighting
   Level 0.1(5.1) Short Blades
 * Level 4.6(9.6) Axes
 + Level 0.2(7.8) Maces & Flails
 * Level 4.6(9.6) Armour
 + Level 2.7(7.7) Dodging
 - Level 2.4(7.4) Stealth
 * Level 4.0(9.0) Shields
 + Level 6.1 Spellcasting
 * Level 2.7 Conjurations
 + Level 1.1 Transmutations
 * Level 7.7 Earth Magic
 * Level 1.7 Invocations


You had 5 spell levels left.
You knew the following spells:

 Your Spells              Type           Power        Failure   Level  Hunger
a - Sandblast             Erth           #####.       1%          1    None
b - Passwall              Tmut/Erth      ####....     1%          2    None
c - Stone Arrow           Conj/Erth      #####.       1%          3    ##.....
d - Petrify               Tmut/Erth      ####....     3%          4    ####...
e - Lee's Rapid Deconstr  Erth           #####.....   2%          5    #####..

Your spell library contained the following spells:

 Spells                   Type           Power        Failure   Level  Hunger


Dungeon Overview and Level Annotations

Branches:
Dungeon (7/15)             Temple (0/1) D:5           Sewer (visited)

Altars:
Nemelex Xobeh
Okawaru
Vehumet
Wu Jian
Zin

Annotations:
D:3 2 transporters, SpoonFarmer's ghost, amateur DrCj


Innate Abilities, Weirdness & Mutations

You cannot be hasted, slowed, berserked, paralysed or teleported.
You can dig through walls and to a lower floor.
Your four strong arms can wield two-handed weapons with a shield.
You have a pair of large antennae on your head. (SInv)


Message History

The orc warrior hits you from afar with a +0 trident.
* * * LOW HITPOINT WARNING * * *
Why would you want to do that? Why would you want to do that?
As you read the scroll labeled KUCRUS GAK WYR, it crumbles to dust.
You feel blessed for a moment.
It was a scroll of remove curse.
The orc warrior closely misses you.
Your magical contamination has completely faded away.
As you read the scroll labeled OFECOI UCIBEFERI, it crumbles to dust.
You feel a strange sense of stasis.
It was a scroll of teleportation.
The orc warrior hits you from afar with a +0 trident.
* * * LOW HITPOINT WARNING * * *
You gain the combat prowess of a mighty hero.
The orc warrior barely misses you.
Okay, then.
The orc warrior completely misses you.
You slash the orc warrior!
The orc warrior is almost dead.
The orc warrior hits you with a +0 trident!
You die...

### ##)## ##>#.## ######
##)###.##
########≈≈≈≈###.#####.##
#.......≈.@o.......###.#
#######.######≈≈≈≈###.##.##.##
........##############.#.#.##
.....#....................##
........################.##
.###.#### #.# .# #.# #.# .#
#.######### #.# .# #.........#
#.#


You could see an orc warrior.

Vanquished Creatures
  Pikel (D:4)
  Sigmund (D:5)
  Edmund (D:5)
  A water moccasin (D:5)
  A sky beast (D:6)
  A black bear (D:6)
  2 ogres (D:5)
  Blork the orc (D:5)
  3 bullfrogs
  A scorpion (D:6)
  5 killer bees (D:7)
  A howler monkey (D:4)
  3 bullfrog skeletons
  A hound (D:5)
  An orc wizard (D:6)
  Jessica (D:2)
  An iguana (D:5)
  Natasha (thrice) (D:2)
  A hound zombie (D:5)
  7 adders
  3 gnolls
  5 river rats
  A shadow imp (D:7)
  2 oozes (Sewer)
  An adder zombie (D:5)
  An adder skeleton (D:4)
  6 worms
  3 dart slugs
  7 leopard geckos
  11 orcs
  17 ball pythons
  3 giant cockroaches
  4 hobgoblins
  4 jackals
  A quokka (D:2)
  A ball python skeleton (D:4)
  5 bats
  7 frilled lizards
  6 goblins (D:1)
  5 kobolds
  A leopard gecko skeleton (D:4)
  29 rats
160 creatures vanquished.

Vanquished Creatures (others)
  A necrophage (D:5)
  A jackal zombie (D:5)
2 creatures vanquished.

Grand Total: 162 creatures vanquished

Notes
Turn   | Place    | Note
-------+----------+-------------------------------------------
     0 | D:1      | Bronimir the Formicid Earth Elementalist began the quest
                  | for the Orb.
     0 | D:1      | Reached XP level 1. HP: 13/13 MP: 3/3
   544 | D:1      | Reached XP level 2. HP: 19/19 MP: 3/5
   552 | D:1      | Reached skill level 4 in Earth Magic
  1212 | D:1      | Reached XP level 3. HP: 24/24 MP: 1/6
  1621 | D:2      | Noticed Jessica
  1624 | D:2      | Killed Jessica
  1624 | D:2      | Reached skill level 1 in Armour
  1624 | D:2      | Reached XP level 4. HP: 18/31 MP: 6/8
  1786 | D:2      | Reached skill level 1 in Fighting
  1905 | D:2      | Reached skill level 5 in Earth Magic
  2146 | D:2      | Noticed Natasha
  2148 | D:2      | Reached XP level 5. HP: 37/37 MP: 6/9
  2152 | D:2      | Killed Natasha
  2156 | D:2      | Learned a level 2 spell: Passwall
  2160 | D:2      | Learned a level 3 spell: Stone Arrow
  2165 | D:2      | Learned a level 4 spell: Petrify
  2222 | D:2      | Noticed Natasha
  2237 | D:2      | Killed Natasha
  2464 | D:2      | Noticed Natasha
  2470 | D:2      | Killed Natasha
  2681 | D:2      | Reached XP level 6. HP: 39/43 MP: 6/11
  3189 | D:3      | Found a transporter.
  3189 | D:3      | Noticed SpoonFarmer's ghost (amateur DrCj)
  3351 | D:3      | Found an iron altar of Okawaru.
  3385 | D:3      | Became a worshipper of Warmaster Okawaru
  3511 | D:3      | Found a transporter.
  3616 | D:3      | Found a radiant altar of Vehumet.
  3743 | D:3      | Found a glowing silver altar of Zin.
  4593 | D:4      | Found a glowing drain.
  4760 | Sewer    | Entered a sewer
  5474 | Sewer    | Reached skill level 1 in Axes
  5474 | Sewer    | Reached skill level 1 in Shields
  5474 | Sewer    | Reached skill level 6 in Earth Magic
  5474 | Sewer    | Reached XP level 7. HP: 25/49 MP: 9/13
  6428 | D:5      | Entered Level 5 of the Dungeon
  6428 | D:5      | Found an ornate altar of the Wu Jian Council.
  6428 | D:5      | Noticed a water moccasin
  6430 | D:5      | Noticed Blork the orc
  6439 | D:5      | Noticed Sigmund
  6446 | D:5      | Killed a water moccasin
  6446 | D:5      | Reached * piety under Okawaru
  6446 | D:5      | Reached skill level 1 in Conjurations
  6448 | D:5      | Killed Blork the orc
  6450 | D:5      | Killed Sigmund
  6450 | D:5      | Reached XP level 8. HP: 42/56 MP: 8/15
  6594 | D:5      | Noticed Edmund
  6606 | D:5      | Killed Edmund
  6606 | D:5      | Reached ** piety under Okawaru
  6606 | D:5      | Reached skill level 5 in Spellcasting
  6791 | D:5      | Noticed Pikel
  6793 | D:5      | Found a staircase to the Ecumenical Temple.
  6833 | D:4      | Killed Pikel
  6833 | D:4      | Reached skill level 7 in Earth Magic
  6833 | D:4      | Reached XP level 9. HP: 8/62 MP: 12/17
  7657 | D:5      | Found a sparkling altar of Nemelex Xobeh.
  8097 | D:6      | Reached skill level 1 in Invocations
  8188 | D:6      | Learned a level 5 spell: Lee's Rapid Deconstruction
  8337 | D:6      | Reached *** piety under Okawaru
  9377 | D:6      | HP: 2/62 [orc warrior/+0 trident (22)]
  9391 | D:6      | Slain by an orc warrior

Levels and vault maps discovered:
D:1:      zelgadis_glass_arrival_small, layout_loops_ring
D:2:      layout_basic, first_ration, uniq_natasha, uniq_jessica
D:3:      layout_basic, lemuel_doored_altar, marbit_many_paths,
          lemuel_round_altar, gammafunk_ghost_arena
D:4:      layout_basic, cheibrodos_sewer_entry_sluice
D:5:      layout_layer_cave, overflow_temple_1_default,
          nemelex_xobeh_ov_fountains_minmay, minmay_temple_entry_waves,
          serial_glass, glass_columns_c, glass_columns_b,
          minmay_misc_feat_ornament, minmay_manual_mandibuliform, uniq_pikel,
          uniq_edmund, uniq_blork_the_orc, uniq_sigmund
D:6:      layout_loops_ring, chequers_serial_rivers_micro_d
D:7:      lemuel_upstairs_altar, layout_basic, grunt_temple_overflow_open

Skill      XL: |  1  2  3  4  5  6  7  8  9 |
---------------+----------------------------+-----
Earth Magic    | 4 5 6 7 |  7.7
Armour         | 1 3 4 |  4.6
Spellcasting   | 3 4 5 6 |  6.1
Fighting       | 1 2 |  2.9
Dodging        | 2 |  2.7
Axes           | 1 2 3 4 |  4.6
Shields        | 1 2 3 4 |  4.0
Conjurations   | 1 2 |  2.7
Invocations    | 1 |  1.7
Short Blades   | |  0.1
Maces & Flails | |  0.2
Stealth        | |  2.4
Transmutations | |  1.1

Action                   |  1- 3 |  4- 6 |  7- 9 || total
-------------------------+-------+-------+-------++-------
Melee: Dagger            |    62 |     1 |       ||    63
       Unarmed           |     5 |       |       ||     5
       Mace              |     2 |    11 |       ||    13
       War axe           |       |    92 |    31 ||   123
       Battleaxe         |       |       |    93 ||    93
 Cast: Sandblast         |    30 |    67 |    54 ||   151
       Stone Arrow       |       |    12 |       ||    12
       Lee's Rapid Decon |       |       |     7 ||     7
Invok: Heroism           |       |       |     1 ||     1
 Abil: Dig               |       |       |     2 ||     2
  Use: Potion            |       |       |    14 ||    14
       Scroll            |       |       |     2 ||     2
 Stab: Sleeping          |     1 |     1 |     1 ||     3
  Eat: Chunk             |     3 |    10 |     7 ||    20
       Ration            |       |     1 |     2 ||     3
Armor: Robe              |    10 |     1 |       ||    11
       Ring mail         |       |    84 |   111 ||   195
Dodge: Dodged            |    55 |   143 |   159 ||   357
